Cogmind - Beta 16.1 @@@ ROGUE MODE // 2026.02.20 @ 00:00:17 Player: Megaknight51 Result: Destroyed by 1C-KB8(R) with Subdweller Machine Gun Performance ------------- Evolutions (0) 0 Regions Visited (3) 600 Robots Destroyed (23) 115 Value Destroyed (563) 563 Prototype IDs (5) 100 Alien Tech Used (0) 0 Bonus (0) 0 TOTAL SCORE: 1378 Bonus ------- None Cogmind --------- Core Integrity 0/250 Matter 80/300 Energy 124/125 System Corruption 1% Temperature Cool (0) Movement Rolling (145) Ox3 Location -10/Subcaves Parts ------- > --- POWER (1) -------- Light Ion Engine > --- PROPULSION (2) --- Light Treads Compact Wheel > --- UTILITY (2) ------ High-capacity Storage Unit > --- WEAPON (2) ------- Battle Cannon Slug Cannon > --- INVENTORY (20) --- Subdweller Power Source Subdweller Power Source Subdweller Monowheel Subdweller Monowheel Subdweller Monowheel Cargo Storage Unit Machine Analyzer Subdweller Optics Subdweller Optics Improved Terrain Scanner Medium Laser Subdweller Laser Light Assault Rifle Light Assault Rifle Light Assault Rifle Heavy Assault Rifle Grenade Launcher Rocket Launcher Mining Laser Peak State ------------ > --- POWER ------------ Light Ion Engine > --- PROPULSION ------- Wheel Compact Wheel > --- UTILITY ---------- High-capacity Storage Unit Seismic Detector > --- WEAPON ----------- Battle Cannon Slug Cannon > --- INVENTORY -------- Subdweller Power Source Subdweller Monowheel Subdweller Monowheel Large Storage Unit Cargo Storage Unit Machine Analyzer Subdweller Optics Improved Terrain Scanner Medium Laser Subdweller Laser Light Assault Rifle Light Assault Rifle Light Assault Rifle Grenade Launcher Rocket Launcher Mining Laser [Rating: 13] Favorites ----------- Power Light Ion Engine Engine Light Ion Engine Propulsion Compact Wheel Treads Light Treads Wheel Compact Wheel Utility Seismic Detector Device Seismic Detector Storage High-capacity Storage Unit Weapon Mining Laser Energy Gun EM Pulse Gun Ballistic Gun Assault Rifle Ballistic Cannon Battle Cannon Launcher Grenade Launcher Special Weapon Mining Laser Build | -11 -10 -10 -10 ------- Run | Yrd Mat Min Sub Slots Evolved . | . . . . Power . | . . . . Propulsion . | . . . . Utility . | . . . . Weapon . | . . . . Parts Attached 31 | 8 10 3 10 Power 4 | 2 . . 2 Engine 4 | 2 . . 2 Core . | . . . . Reactor . | . . . . Propulsion 6 | 2 2 1 1 Treads 1 | . . . 1 Leg . | . . . . Wheel 5 | 2 2 1 . Hover . | . . . . Flight . | . . . . Utility 5 | 2 1 1 1 Device 2 | 1 . . 1 Storage 3 | 1 1 1 . Processor . | . . . . Hackware . | . . . . Protection . | . . . . Artifact . | . . . . Weapon 16 | 2 7 1 6 Energy Gun 4 | 2 1 . 1 Energy Cannon . | . . . . Ballistic Gun 6 | . 4 1 1 Ballistic Cannon 2 | . . . 2 Launcher 2 | . . . 2 Special Weapon 2 | . 2 . . Impact Weapon . | . . . . Slashing Weapon . | . . . . Piercing Weapon . | . . . . Special Melee Weapon . | . . . . Unidentified Prototypes . | . . . . Parts Lost 11 | . 3 . 8 Power 3 | . 1 . 2 Propulsion 3 | . 1 . 2 Utility 2 | . . . 2 Weapon 3 | . 1 . 2 Highest Loss Streak 3 | . 2 . 3 To Critical Strikes . | . . . . Average Backups 13 | 1 9 14 15 Power 1 | . 1 2 1 Propulsion 1 | . 1 1 2 Utility 3 | . 2 3 4 Weapon 5 | . 3 6 6 Tool/Special . | . . . . Unused Backups 12 | . . . 12 Power 2 | . . . 2 Propulsion 3 | . . . 3 Utility 5 | . . . 5 Weapon 2 | . . . 2 Tool/Special . | . . . . Average Slot Usage (%) 96 | . 97 100 95 Engine 12 | . 12 14 12 Treads 2 | . . . 3 Wheel 25 | . 27 28 24 Device 12 | . 14 14 11 Storage 14 | . 14 14 14 Energy Gun 5 | . 13 7 1 Ballistic Gun 9 | . 9 14 9 Ballistic Cannon 4 | . . . 7 Launcher 3 | . . . 5 Special Weapon 5 | . 5 7 4 Peak Build Rating 13 | 7 8 8 13 Average Rating 8 | 5 7 8 9 On Entrance 5 | . 7 8 8 Avg Prop Armor Cover (%) 11 | . . . 11 Naked Turns . | . . . . Heaviest Build 54 | 15 30 48 54 Greatest Support 32 | 32 32 26 26 Greatest Overweight (x) 4 | . 2 1 4 Average Overweight (x) 1 | . . . 1 Largest Inventory Capacity 20 | 8 15 20 20 Average Capacity 17 | 7 11 17 20 Most Carried 20 | 5 15 15 20 Average Carried 13 | 1 9 14 16 Final Capacity 20 | 8 15 20 20 Final Carried 20 | 5 15 15 20 Class Distribution -------------------- 92% | Mutant 7% | Scavenger-Mutant Dominant Class ---------------- Mutant | -10/Materials Mutant | -10/Mines Mutant | -10/Subcaves Resources | -11 -10 -10 -10 ----------- Run | Yrd Mat Min Sub Matter Collected 711 | 268 148 76 219 Remotely . | . . . . Salvage Created 800 | 163 419 35 183 Parts 44 | 12 22 1 9 Haulers Intercepted 1 | . 1 . . Recyclers Shooed 1 | . 1 . . Parts Field Recycled . | . . . . Retrieved Matter . | . . . . Parts Self-Destructed 8 | . . . 8 Prevented . | . . . . Parts Restored . | . . . . Kills | -11 -10 -10 -10 ------- Run | Yrd Mat Min Sub Combat Hostiles Destroyed 16 | . 7 2 7 Guns 11 | . 7 2 2 Cannons 3 | . . . 3 AOE 2 | . . . 2 Classes Destroyed 7 | 2 3 . 2 Tunneler 4 | 3 1 . . Hauler 1 | . 1 . . Recycler 2 | 1 1 . . Swarmer 4 | . 2 2 . Grunt 5 | . 5 . . Sentry 1 | . . . 1 Subdweller 6 | . . . 6 Best Kill Streak 4 | 4 3 2 2 Combat Bots Only 3 | . 3 2 2 Max Kills in Single Turn 2 | 1 2 1 1 Gunslinging 1 | . 1 . . Exploded 1 | . . . 1 Melee . | . . . . Uniques/NPCs Destroyed . | . . . . Combat | -11 -10 -10 -10 -------- Run | Yrd Mat Min Sub Hostile Shots Fired 91 | . 53 4 34 Missed 23 | . 16 1 6 Hits 68 | . 37 3 28 Projectile 68 | . 37 3 28 Critical Strikes 2 | . . . 2 Damage Taken 1215 | . 462 23 730 Core 266 | . 100 . 166 Absorbed by Shields . | . . . . Core Remaining (%) 100 | 100 . . . Volleys Fired 115 | 8 43 2 62 Largest 2 | 2 2 2 2 Hottest 100 | 90 100 60 100 Shots Fired 186 | 16 73 4 93 Gun 105 | 16 60 4 25 Cannon 30 | . . . 30 Launcher 9 | . . . 9 Special 42 | . 13 . 29 Kinetic 91 | . 40 2 49 Thermal 52 | 8 15 . 29 Explosive 9 | . . . 9 Electromagnetic 34 | 8 18 2 6 Robot Hit Streak 20 | 3 8 2 20 Robot Miss Streak 3 | 3 3 1 2 Penetration Max . | . . . . Secondary Targets 1 | . 1 . . Max Gunslinging Chain 1 | . 1 . . Shots Hit Robots 84 | 8 36 2 38 Core Hits 38 | 5 20 2 11 Critical Kills . | . . . . Critical Parts Destroyed 1 | . 1 . . Critical Strikes 2 | 1 1 . . Destroy 1 | . 1 . . Corrupt 1 | 1 . . . Melee Attacks . | . . . . Impact . | . . . . Slashing . | . . . . Piercing . | . . . . Sneak Attacks . | . . . . Combat Hostiles . | . . . . Follow-up Attacks . | . . . . Damage Inflicted 1427 | 133 356 29 909 Guns 710 | 95 356 29 230 Cannons 223 | . . . 223 Explosions 494 | 38 . . 456 Melee . | . . . . Ramming . | . . . . Kinetic 607 | . 203 16 388 Thermal 101 | 64 . . 37 Explosive 419 | . . . 419 Electromagnetic 300 | 69 153 13 65 Impact . | . . . . Slashing . | . . . . Piercing . | . . . . Highest Corruption 1 | . 1 1 1 Average Corruption 1 | . 1 1 1 Corruption Purged . | . . . . Corruption Blocked . | . . . . Effects 11 | . . 1 10 Message Errors 3 | . . . 3 Matter Fused 5 | . . . 5 Heat Flow Errors 1 | . . 1 . Data Loss (minor) 2 | . . . 2 Overload Shots . | . . . . Overflow Damage 19 | . . . 19 Projectiles . | . . . . Explosions 19 | . . . 19 Melee . | . . . . Knockbacks 2 | . . . 2 Impact . | . . . . Kinetic 2 | . . . 2 Secondary . | . . . . Self-Inflicted Damage 32 | . . . 32 Shots 1 | . . . 1 Rammed . | . . . . Targets Rammed . | . . . . Kicked . | . . . . Crushed . | . . . . Highest Temperature 180 | 180 165 164 . Average Temperature 50 | 79 37 84 . Received Heat Transfer 294 | . 195 . 99 Siege Activations . | . . . . Martial Activations . | . . . . Shielding Activations . | . . . . Robots Disrupted . | . . . . Combat Hostiles . | . . . . Robots Corrupted . | . . . . Combat Hostiles . | . . . . Parts Fried 2 | . 1 . 1 Impact Corruptions . | . . . . Robots Melted . | . . . . Combat Hostiles . | . . . . Parts Melted . | . . . . Heat Transferred 174 | 124 . . 50 Parts Sabotaged . | . . . . Parts Stolen . | . . . . Parts Stripped . | . . . . Power Chain Reactions 2 | 1 . . 1 Alert | -11 -10 -10 -10 ------- Run | Yrd Mat Min Sub Maximum Alert Level . | . . . . Low Security (%) 100 | 100 100 100 . Level 1 . | . . . . Level 2 . | . . . . Level 3 . | . . . . Level 4 . | . . . . Level 5 . | . . . . High Security . | . . . . Max Security . | . . . . Peak Influence 82 | 10 82 65 . Initial 24 | . . 24 . Average 17 | 1 22 12 . Influence Increases 392 | 20 287 65 20 Destroy 0b10 Robot/C 200 | . 140 40 20 Destroy 0b10 Robot/NC 35 | 20 15 . . Destroy Leader 42 | . 32 10 . Successful Hack 28 | . 28 . . Destroy Structure 12 | . 12 . . Lose Combat Pursuer 75 | . 60 15 . Influence Decreases 392 | 20 223 129 20 Entered New Map 40 | . . 40 . Time Decay 322 | 20 193 89 20 Lost Part 30 | . 30 . . Squads Dispatched 1 | . 1 . . Investigation 1 | . 1 . . Extermination . | . . . . Reinforcement . | . . . . Assault . | . . . . Garrison . | . . . . Intercept . | . . . . Searches Triggered . | . . . . Construction Impeded . | . . . . Haulers Reinforced . | . . . . Active Scanning Responses . | . . . . Cargo Convoy Interrupts . | . . . . Stealth | -11 -10 -10 -10 --------- Run | Yrd Mat Min Sub Distress Signals 2 | . 2 . . Communications Jammed . | . . . . Distress Signals . | . . . . Times Spotted 30 | . 19 3 8 Peak Tracking Total 6 | . 6 3 2 Tactical Retreats 3 | . 2 1 . Traps | -11 -10 -10 -10 ------- Run | Yrd Mat Min Sub Traps Triggered 5 | . 2 . 3 Indirectly . | . . . . Trap Hack Attempts . | . . . . Triggered . | . . . . Disarmed . | . . . . Reprogrammed . | . . . . Reused . | . . . . Traps Extracted . | . . . . Installed . | . . . . Triggered . | . . . . Machines | -11 -10 -10 -10 ---------- Run | Yrd Mat Min Sub Machines Disabled . | . . . . Max in Single Turn . | . . . . Machines Repaired . | . . . . Machines Dismantled . | . . . . Machines Sabotaged . | . . . . Overloaded Fab Kills . | . . . . Hacking | -11 -10 -10 -10 --------- Run | Yrd Mat Min Sub Machines Accessed 6 | . 5 . 1 Terminals 5 | . 5 . . Fabricators . | . . . . Repair Stations . | . . . . Recycling Units . | . . . . Scanalyzers . | . . . . Garrison Access . | . . . . Total Hacks 25 | . 21 . 4 Successful 17 | . 13 . 4 Failed 7 | . 7 . . Catastrophic . | . . . . Database Lockouts 1 | . 1 . . Manual 12 | . 12 . . Terminals 21 | . 21 . . Fabricators . | . . . . Repair Stations . | . . . . Recycling Units . | . . . . Scanalyzers . | . . . . Garrison Access . | . . . . Terminal Hacks 13 | . 9 . 4 Record 4 | . . . 4 Robot Analysis 2 | . 2 . . Prototype ID Bank 3 | . 3 . . Branch Access Points 1 | . 1 . . Hauler Manifests 1 | . 1 . . Registered Components 1 | . 1 . . Registered Prototypes 1 | . 1 . . Fabricator Hacks . | . . . . Repair Station Hacks . | . . . . Recycling Unit Hacks . | . . . . Scanalyzer . | . . . . Garrison Access Hacks . | . . . . Unauthorized Hacks 4 | . 4 . . Terminals 4 | . 4 . . Botnet 3 | . 3 . . Operators 1 | . 1 . . Fabricators . | . . . . Repair Stations . | . . . . Recycling Units . | . . . . Scanalyzers . | . . . . Garrison Access . | . . . . Data Cores Recovered . | . . . . Used . | . . . . Hacking Detections 5 | . 5 . . Full Trace Events . | . . . . Feedback Events . | . . . . Feedback Blocked . | . . . . Robot Schematics Acquired . | . . . . Robots Built . | . . . . Authchips . | . . . . Time . | . . . . Total Robot Build Rating . | . . . . Part Schematics Acquired . | . . . . Parts Built . | . . . . Authchips . | . . . . Time . | . . . . Total Part Build Rating . | . . . . Part Studies Acquired . | . . . . Parts Repaired . | . . . . Time . | . . . . Parts Recycled . | . . . . Recycled Matter . | . . . . Retrieved Matter . | . . . . Retrieved Components . | . . . . Parts Scanalyzed . | . . . . Part Schematics Acquired . | . . . . Parts Damaged . | . . . . Bothacking | -11 -10 -10 -10 ------------ Run | Yrd Mat Min Sub Used RIF Installer . | . . . . Robots Hacked . | . . . . Non-combat . | . . . . Combat . | . . . . Robot Hacks Applied . | . . . . Relay Couplers Released . | . . . . Fabnet Peak Effective % . | . . . . Robots Rewired . | . . . . Allies Hacked . | . . . . Hacks Repelled . | . . . . Allies | -11 -10 -10 -10 -------- Run | Yrd Mat Min Sub Total Allies . | . . . . Largest Group . | . . . . Highest-Rated Group . | . . . . Highest-Rated Ally . | . . . . Total Orders . | . . . . Ally Attacks . | . . . . Total Damage . | . . . . Kills . | . . . . Allies Corrupted . | . . . . Allies Melted . | . . . . Intel | -11 -10 -10 -10 ------- Run | Yrd Mat Min Sub Active Infowar (turns) 2567 | 23 743 434 1367 Seismic 2567 | 23 743 434 1367 Robot Analysis Total 2 | . 2 . . Derelict Logs Recovered 3 | . . . 3 Drone Launches . | . . . . Drone Recoveries . | . . . . Exploration | -11 -10 -10 -10 ------------- Run | Yrd Mat Min Sub Turns Passed 2979 | 126 743 434 1676 Spaces Moved 2107 | 87 545 315 1160 Core 2 | 2 . . . Treads . | . . . . Legs . | . . . . Wheels 2105 | 85 545 315 1160 Hover . | . . . . Flight . | . . . . Fastest Speed 50 | 50 90 90 105 Average Speed 108 | 98 101 104 113 Slowest Speed 145 | 100 110 105 145 Overloaded Moves . | . . . . Propulsion Burnouts . | . . . . Robots Hopped . | . . . . Potential Cave-ins . | . . . . Cave-ins Triggered . | . . . . Exploration Rate (%) 50 | 5 67 56 72 Regions Visited 3 Branch Regions 2 Pre-discovered Areas 2 | . . . 2 Known Exits Taken 1 | . 1 . . Unknown Exits Taken 2 | 1 . 1 . Scrap Searched 3 | . . 2 1 Spaces Dug 25 | . 13 . 12 Terrain Destroyed 70 | 7 13 . 50 Melee . | . . . . Projectile 18 | . 13 . 5 AOE 52 | 7 . . 45 Terrain Rammed . | . . . . Walls Destroyed . | . . . . Machines Disabled . | . . . . Actions | -11 -10 -10 -10 --------- Run | Yrd Mat Min Sub Total 2524 | 106 639 420 1359 Wait 228 | . 28 91 109 Move 2104 | 86 544 314 1160 Hop . | . . . . Pick Up 29 | 4 9 3 13 Fast Attach 9 | 7 1 . 1 Attach 8 | . 2 . 6 Detach . | . . . . Swap 22 | 1 11 4 6 Drop 9 | . 1 6 2 Fire 115 | 8 43 2 62 Melee . | . . . . Ram . | . . . . Kick . | . . . . Crush . | . . . . Escape Stasis . | . . . . Rewire . | . . . . Trap . | . . . . Miscellaneous . | . . . . Route ------- -11/Scrapyard -10/Materials (discovered 2 exits: [*Mat] / *Min) -10/Mines -10/Subcaves History --------- Turn | Location | Event 25 | -11/Scrapyard | Discovered new exit (range 16) 127 | -11/Scrapyard | Entered Materials 292 | -10/Materials | Identified exit to Mines 306 | -10/Materials | Build established: Mutant 311 | -10/Materials | Discovered new exit (range 14) 527 | -10/Materials | Central database locked down 870 | -10/Materials | Entered Mines 942 | -10/Mines | Discovered new exit (range 5) 997 | -10/Mines | Received a Rocket Launcher from a helpful Derelict 1040 | -10/Mines | Found a Scrap Suit stashed away for nefarious purposes 1304 | -10/Mines | Entered Subcaves 1305 | -10/Subcaves | Approached by a straggling Scientist 1415 | -10/Subcaves | Learned Materials stockpile data 1459 | -10/Subcaves | Core integrity fell below 50% 1467 | -10/Subcaves | Lost 3 parts (1p1u1w) 1534 | -10/Subcaves | Visited Clippyterm 1538 | -10/Subcaves | Learned Factory trap positions 1538 | -10/Subcaves | Learned Research machine intel 1580 | -10/Subcaves | Learned Materials security intel 1676 | -10/Subcaves | Shifting Twisted Machinery released Riot Gun 1888 | -10/Subcaves | Shifting Twisted Machinery released Sub. Laser 1891 | -10/Subcaves | Shifting Twisted Machinery released Flamer 1968 | -10/Subcaves | Learned location of Zion (-7) 1968 | -10/Subcaves | Met a Zionite searching for "candidates" 2008 | -10/Subcaves | A swath of the cavern ceiling suddenly collapsed 2017 | -10/Subcaves | Ambushed by Subdwellers from Twisted Machinery 2023 | -10/Subcaves | Core integrity fell below 20% 2707 | -10/Subcaves | A swath of the cavern ceiling suddenly collapsed 2853 | -10/Subcaves | Shifting Twisted Machinery released Sub. Power Source 2980 | -10/Subcaves | Destroyed by 1C-KB8(R) with Subdweller Machine Gun Last Messages --------------- 02815_ FF-6SE(R) destroyed. 02818_ Acquired 8 matter. 02820_ Subatomizers dissect the Sub. Optics. 02820_ Acquired 10 matter. 02823_ Acquired Sub. Monowheel. 02827_ Acquired Sub. Optics. 02831_ Acquired 8 matter. 02833_ Acquired 28 matter. 02834_ 1J-QGF(u) tweaks Twisted Machinery. 02836_ Acquired 2 matter. 02842_ Acquired 5 matter. Sub. Power Source falls loose from the Twisted Machinery. 02861_ Dropped Sub. Power Source. 02861_ Acquired Sub. Power Source. 02870_ Subatomizers dissect the Sub. Power Source. 02875_ Dropped Lrg. Storage Unit. 02878_ Acquired Sub. Power Source. 02880_ Subatomizers dissect the Lrg. Storage Unit. 02918_ 1J-QGF(u) tweaks Twisted Machinery. 02945_ Subatomizers dissect the Lrg. Storage Unit. Map ----- +----------------------------------------------------+ | ???????????????????# ##?????? ??????## | | ???????????????????### ##??????? ????????## | | ?????????????????????## #????????# ????????#% | | ??????????????????????# #????????# ????????# | | ?????????????????????## #????????# ????????# | | ?????????????????????# #????????# ###??##### | | ????????????????????## #????????# # ##?# | | ?????????????????# #" ###??????# #?# | | ?????????????????# #??????# #??# | | ?????????????????# #??????## #### | | ?????????????????# # ####???# #### | | ?????????????????#####" ##??## #?# | | ?????????????????????# ##??## #?# | | ?????????????????????## ####" ### | | ??????????????????????# ## % ## "! ## | | ??????????????????????# ### ###"!! | | ??????????????????????# ### # | | ??????????????????????# ##?## #""" # | | ???####??????????????# ##???# ###### ## | | ??## #?????????####?# ##??? """ ????# #? | | ### #???????## #?####????# " % ???#" | | # #???##### #??????????#"""" " ??## | | ## ##?## "#??????##### ! " ""???" ##### | | ?### ### "#??##### ## """""" ?## #????# | | ???## #####"## " " "" #?# #????? | | ???## ####""" @ """"" "????# ????? | | ??## ### #?#""" # ""??? " ????? | | ?## #### ###" " ### """??? " ????? | | ?# #### " " ## ##?##### " ??? ##???? | | ?# ## #?# " "## ##??????""" R" ??? ??????? | | ?###?# ###"" """ ##??????"" " ??? ???????? | | ????##" "" " #"" #???????" ? ????????????? | | ????#" ! "" "###"" #???????????????????????? | | ????# "## "#?# ##???????????????????????? | | ????## ### ### "#?# ##????????????????????????? | | ?????##### ### #?#####?? ?????????????????????? | | ????????#" ### ##?????# ????????????????????? | | ????????# ## #???## ????????????????????? | | ????????## ##??# ????????????????????? | | ?????????# ##??# ???????????????????? | | ?????????## # #?## ???????????????????? | | ??????????### ## ????????????????????? | | ????????????# #???????????????????????????? | | ????????????## ##???????????????????????????? | | ?????????????# ##????????????????????????????? | | #####????????# ##?????????????????????????????? | | ##""#????????# ######??????????????????????????? | | #""####??????# ## #??????????????????????????? | | ##"##"#?? # #???????????????????????????? | | ?##"""#?? ## ##???????????????????????????? | +----------------------------------------------------+ Best States ------------- Heat Dissipation 25 Energy Generation 10 Energy Capacity 250 Matter Stores 300 Matter Capacity 300 Sight Range 16 Terrain Scan Density 10 Evasion (%) 42 Item Schematics ----------------- None Robot Schematics ------------------ None Fabricated ------------ Nothing Repaired ---------- Nothing Studied --------- None Alien Tech Used ----------------- None Achievements -------------- None Challenges ------------ None Game ------ Seed FocalUtilityReplicator Manual? 0 Play Time 00:16:31 Cumulative 92.8 hours Start 2026.02.19 @ 23:42:48 End 2026.02.20 @ 00:00:17 Sessions 1 Manual Loads 0 Difficulty Rogue Special Mode None Game No. 192 Rogue 192 Adventurer 0 Explorer 0 Win Type - Total 2 Types 1/0/0/1/0/0/0/0/0/0 Lore% 51 Gallery% 39 Achievement% 39 Wizard Run 0 Options --------- Layout 0 ASCII 0 Keyboard 1 Movement Arrows Keybinds 0 Fullscreen 1 Font 18/Smallcaps Map View 76x50 Zoom Use 24% Tactical HUD 1 Map Filters NONE Filters NONE Steam 1 RUN: a4e6f295-720d-415e-b4e6-88929dd28a43